 Dungeon Crawl Stone Soup version 0.19.1 (webtiles) character file.

198 balthal the Charmwright (level 5, -6/35 HPs)
             Began as a High Elf Skald on Dec 15, 2016.
             Mangled by an iguana (11 damage)
             ... on level 4 of the Dungeon.
             The game lasted 00:10:23 (2960 turns).

balthal the Charmwright (High Elf Skald)            Turns: 2960, Time: 00:10:23

Health: -6/35      AC:  5    Str:  9 (12) XL:     5   Next: 47%
Magic:  5/11       EV: 12    Int: 14 (16) God:
Gold:   147        SH:  0    Dex: 13 (14) Spells: 3 memorised, 4 levels left

rFire  + . .     SeeInvis .     a - +0 falchion
rCold  + . .     Gourm    .     p - +2 robe {rC+ rF+}
rNeg   . . .     Faith    .     (no shield)
rPois  .         Spirit   .     (no helmet)
rElec  .         Reflect  .     (no cloak)
rCorr  .         Harm     .     g - +0 pair of gloves
MR     .....                    (no boots)
Stlth  +.........               (no amulet)
                                (no ring)
                                (no ring)

@: infused
A: no striking features
a: no special abilities


You were on level 4 of the Dungeon.
You were not hungry.

You visited 1 branch of the dungeon, and saw 4 of its levels.

You collected 147 gold pieces.

Inventory:

Hand Weapons
 a - a +0 falchion (weapon)
Missiles
 e - 20 poisoned needles
Armour
 b - a +0 leather armour
 g - a +0 pair of gloves (worn)
 p - a +2 robe of resistance (worn)
Jewellery
 f - an uncursed amulet of harm
 m - an uncursed amulet of faith {unknown}
Scrolls
 l - a scroll of noise
 n - 2 scrolls of identify
Potions
 i - a potion of cancellation
 j - 2 potions of heal wounds {unknown}
 k - a potion of berserk rage
Books
 c - a book of Battle

   Spells                             Type                      Level
   a - Infusion                       Charms                       1
   b - Shroud of Golubria             Charms/Translocation         2
   c - Song of Slaying                Charms                       2
   d - Spectral Weapon                Hexes/Charms                 3
   e - Regeneration                   Charms/Necromancy            3
Comestibles
 d - 3 bread rations
 h - 4 meat rations


   Skills:
 + Level 2.6 Fighting
 + Level 4.4 Long Blades
 + Level 1.3 Armour
 + Level 1.7 Dodging
 + Level 0.5 Stealth
 + Level 3.4 Spellcasting
 + Level 0.8 Hexes
 + Level 4.6 Charms


You had 4 spell levels left.
You knew the following spells:

 Your Spells              Type           Power        Failure   Level  Hunger
a - Infusion              Chrm           ###.         2%          1    #......
b - Shroud of Golubria    Chrm/Tloc      #.........   14%         2    ##.....
c - Spectral Weapon       Hex/Chrm       ##......     21%         3    ###....


Dungeon Overview and Level Annotations

Branches:
Dungeon (4/15)
 Temple: D:4-7

Altars:
Nemelex Xobeh
Sif Muna
Vehumet


Message History

The gnoll closely misses your spectral weapon.
You hit the iguana.
The iguana is moderately wounded.
Your spectral weapon hits the iguana.
The iguana bites you but does no damage.
You closely miss the iguana.
The iguana is heavily wounded.
Your spectral weapon hits the iguana.
The gnoll misses your spectral weapon. The iguana bites you.
You hit the iguana.
The iguana is severely wounded.
Your spectral weapon closely misses the iguana.
The gnoll closely misses your spectral weapon.
The iguana bites you!
* * * LOW HITPOINT WARNING * * *
A centaur skeleton comes into view.
The centaur skeleton moves out of view.
The gnoll closely misses your spectral weapon.
The iguana bites you!
You die...

#.###.#.#
#.......#
#.###.#.##
######.###.....
#.............#.
#.#.............
#.####.######. .
# #.#
....#g####@###
.....ggg(l..%#
......####.#.#
.#... ..#.# ...#
#### # .. #


You could see a gnoll shaman, an iguana, 2 gnolls and a friendly spectral
falchion.

Vanquished Creatures
  Jessica (D:2)
  A hound skeleton (D:3)
  7 adders
  3 oozes
  A dart slug (D:2)
  5 leopard geckos
  5 orcs (D:3)
  8 bats
  5 giant cockroaches
  10 hobgoblins
  5 jackals
  A quokka (D:2)
  A ball python (D:3)
  4 frilled lizards
  5 goblins
  6 kobolds
  4 rats
72 creatures vanquished.

Notes
Turn   | Place    | Note
-------+----------+-------------------------------------------
     0 | D:1      | balthal the High Elf Skald began the quest for the Orb.
     0 | D:1      | Reached XP level 1. HP: 14/14 MP: 4/4
   111 | D:1      | Reached XP level 2. HP: 10/19 MP: 0/6
   118 | D:1      | Learned a level 2 spell: Shroud of Golubria
   565 | D:1      | Found a sparkling altar of Nemelex Xobeh.
   588 | D:1      | Reached XP level 3. HP: 24/24 MP: 5/8
   747 | D:1      | Learned a level 3 spell: Spectral Weapon
  1024 | D:2      | Reached skill level 1 in Armour
  1078 | D:2      | Noticed Jessica
  1086 | D:2      | Killed Jessica
  1086 | D:2      | Reached XP level 4. HP: 19/29 MP: 5/9
  1388 | D:2      | Found a radiant altar of Vehumet.
  2220 | D:3      | Reached XP level 5. HP: 31/35 MP: 6/10
  2883 | D:3      | Found a deep blue altar of Sif Muna.
  2960 | D:4      | Mangled by an iguana

Skill      XL: |  1  2  3  4  5 |
---------------+----------------+-----
Charms         | 4 |  4.6
Long Blades    | 3 4 |  4.4
Armour         | 1 |  1.3
Spellcasting   | 3 |  3.4
Fighting       | |  2.6
Dodging        | |  1.7
Stealth        | |  0.5
Hexes          | |  0.8

Action                   |  1- 3 |  4- 6 || total
-------------------------+-------+-------++-------
Melee: Falchion          |    86 |   113 ||   199
 Cast: Infusion          |    12 |     9 ||    21
       Spectral Weapon   |     1 |     9 ||    10
  Use: Scroll            |       |     6 ||     6
       Potion            |       |     4 ||     4
 Stab: Distracted        |       |     1 ||     1
       Sleeping          |       |     1 ||     1
  Eat: Chunk             |     1 |     1 ||     2
       Meat ration       |       |     1 ||     1
       Pizza             |       |     1 ||     1
       Beef jerky        |       |     1 ||     1
Armor: Leather armour    |    18 |       ||    18
       Robe              |       |    43 ||    43
Dodge: Dodged            |    56 |    74 ||   130
       Rpst.: Falchion   |    18 |    26 ||    44
